 Dungeon Crawl Stone Soup version 0.18-a0-1805-g8ab820f (webtiles) character file.

2970 juanjsm the Covert (level 9, 0/41 HPs)
             Began as a Spriggan Enchanter on Apr 26, 2016.
             Was a Believer of Ashenzari.
             Slain by a gnoll
             ... wielding a cursed +0 halberd
              (16 damage)
             ... in a bailey.
             The game lasted 00:36:30 (6777 turns).

juanjsm the Covert (Spriggan Enchanter)             Turns: 6777, Time: 00:36:31

Health: 0/41       AC:  4    Str:  4    XL:     9   Next: 52%
Magic:  0/21       EV: 21    Int: 20    God:    Ashenzari [**....]
Gold:   383        SH:  0    Dex: 16    Spells: 4 memorised, 14 levels left

rFire  . . .     SeeInvis +     a - +1 dagger (curse)
rCold  . . .     Gourm    .     b - +1 robe
rNeg   + . .     Faith    .     (shield restricted)
rPois  .         Spirit   .     (helmet restricted)
rElec  .         Dismiss  .     s - +0 cloak (curse)
rCorr  .         Reflect  .     (gloves unavailable)
SustAt .         Harm     .     (boots unavailable)
MR     +....                    (no amulet)
Stlth  ++++++....               (no ring)
                                f - ring of positive energy (curse)

@: very quick, somewhat resistant to hostile enchantments, very stealthy
A: unfitting armour, see invisible, herbivore 3, speed 3, slow metabolism 2
a: Curse Item, Scrying, Renounce Religion


You were in a bailey.
You worshipped Ashenzari.
Ashenzari was pleased with you.
You were not hungry.

You visited 2 branches of the dungeon, and saw 9 of its levels.
You also visited: Sewer and Bailey.

You collected 383 gold pieces.

Inventory:

Hand Weapons
 a - a cursed +1 dagger (weapon)
 G - a +3 dagger
Missiles
 H - 69 tomahawks of returning (quivered)
Armour
 b - a +1 robe (worn)
 e - a cursed +0 robe
 s - a cursed +0 cloak (worn)
Magical Staves
 C - an uncursed staff of wizardry
Jewellery
 f - a cursed ring of positive energy (left hand)
Wands
 r - a wand of random effects (10/48)
Scrolls
 j - 2 scrolls of random uselessness {unknown}
 k - 2 scrolls of recharging {unknown}
 m - 2 scrolls of fear {unknown}
 n - 3 scrolls of blinking {unknown}
 o - 2 scrolls of enchant weapon {unknown}
 u - 6 scrolls of identify
 v - a scroll of immolation {unknown}
 w - 2 scrolls of fog {unknown}
 y - 2 scrolls of teleportation {unknown}
 B - 2 scrolls of magic mapping {unknown}
 D - 2 scrolls of remove curse
Potions
 g - 3 potions of might
 h - 5 potions of flight
 i - a potion of cancellation
 l - a potion of ambrosia
 p - 2 potions of berserk rage
 q - 7 potions of curing {unknown}
 x - a potion of degeneration {unknown}
 z - a potion of haste
 A - 2 potions of cure mutation {unknown}
 E - 3 potions of magic {unknown}
Books
 c - a book of Maledictions

   Spells                             Type                      Level
   a - Corona                         Hexes                        1
   b - Ensorcelled Hibernation        Hexes/Ice                    2
   c - Confuse                        Hexes                        3
   d - Tukima's Dance                 Hexes                        3
   e - Dazzling Spray                 Conjuration/Hexes            3
 t - a Grand Grimoire

   Spells                             Type                      Level
   a - Monstrous Menagerie            Summoning                    7
   b - Summon Greater Demon           Summoning                    7
   c - Malign Gateway                 Summoning/Translocation      7
   d - Summon Horrible Things         Summoning                    8
 F - a book of Envenomations

   Spells                             Type                      Level
   a - Spider Form                    Transmutation/Poison         3
   b - Olgreb's Toxic Radiance        Poison                       4
   c - Alistair's Intoxication        Transmutation/Poison         5
   d - Poisonous Cloud                Conjuration/Poison/Air       6
Comestibles
 d - 9 bread rations


   Skills:
 + Level 1.2 Fighting
 + Level 2.7(4.6) Short Blades
 + Level 6.5 Dodging
 + Level 13.0 Stealth
 + Level 7.5 Spellcasting
 + Level 7.7 Hexes
 + Level 3.0 Ice Magic


You had 14 spell levels left.
You knew the following spells:

 Your Spells              Type           Power        Failure   Level  Hunger
a - Corona                Hex            #####..      1%          1    None
b - Ensorcelled Hibernat  Hex/Ice        ####..       1%          2    None
c - Confuse               Hex            #####...     1%          3    None
d - Dazzling Spray        Conj/Hex       ###.....     8%          3    None


Dungeon Overview and Level Annotations

Branches:
Dungeon (8/15)             Temple (1/1) D:4
   Lair: D:8-11

Altars:
Ashenzari
Cheibriados
Dithmenos
Elyvilon
Gozag
Kikubaaqudgha
Okawaru
Pakellas
Qazlal
Sif Muna
Trog
Vehumet
Yredelemnul
The Shining One

Shops:
D:6 }

Annotations:
D:6 Pikel


Innate Abilities, Weirdness & Mutations

You are tiny and cannot use many weapons and most armour.
You have supernaturally acute eyesight.
You are a herbivore.
You cover ground extremely quickly.
You need consume almost no food.


Message History

Confirm with . or Enter, or press ? or * to list all spells.
Aiming: Ensorcelled Hibernation
Press: ? - help, Shift-Dir - straight line, f/p - gnoll
Aim: a gnoll, wielding a halberd (lightly wounded, not susceptible)
The gnoll is unaffected.
The gnoll misses you. x2
Casting: Ensorcelled Hibernation
Confirm with . or Enter, or press ? or * to list all spells.
Aiming: Ensorcelled Hibernation
Press: ? - help, Shift-Dir - straight line, f/p - gnoll
Aim: a gnoll, wielding a halberd (lightly wounded, not susceptible)
The gnoll is unaffected.
Casting: Ensorcelled Hibernation
Confirm with . or Enter, or press ? or * to list all spells.
Aiming: Ensorcelled Hibernation
Press: ? - help, Shift-Dir - straight line, f/p - gnoll
Aim: a gnoll, wielding a halberd (lightly wounded, not susceptible)
The gnoll is unaffected.
The gnoll hits you from afar with a halberd of electrocution!
The gnoll hits you with a halberd!
You die...

* * ##### ### ### *#
*##gg@###.###.#
+##'##g###'##'##'##
#!..g(## ##.....##
*#...g.#*###.....###
#.'..⌠o.' #.'..⌠.†'.#
###....K#####.†)).###
#.....#* *#...)†##
*#'##'##g# #+##'##'##
#.# #.* #.#.# #.###)#


You could see 3 gnolls.

Vanquished Creatures
  Grinder (D:6)
  A spriggan (D:7)
  Eustachio (D:6)
  4 orc warriors (D:6)
  An ice beast (D:7)
  Purgy (Sewer)
  3 phantoms
  The ghost of wvc the Ducker, an amateur DsMo (D:3)
  3 ogres
  A crocodile (D:7)
  Blork the orc (D:6)
  4 giant frogs (D:6)
  A scorpion (D:6)
  A howler monkey (D:4)
  3 crimson imps
  A centaur zombie (D:7)
  2 jellies
  2 hounds
  3 orc wizards (D:7)
  A giant frog skeleton (D:5)
  Crazy Yiuf (D:3)
  2 iguanas
  2 worker ants
  3 hound skeletons
  9 gnolls
  8 adders
  3 shadow imps
  2 worms (D:2)
  4 dart slugs
  4 giant geckos
  10 orcs
  5 giant cockroaches
  8 goblins
  18 hobgoblins
  8 jackals
  11 kobolds
  3 ball pythons
  5 bats
  9 giant newts
  A jackal zombie (D:5)
  6 rats
158 creatures vanquished.

Notes
Turn   | Place    | Note
--------------------------------------------------------------
     0 | D:1      | juanjsm the Spriggan Enchanter began the quest for the Orb.
     0 | D:1      | Reached XP level 1. HP: 9/9 MP: 5/5
   158 | D:1      | Reached XP level 2. HP: 8/13 MP: 4/7
   162 | D:1      | Learned a level 2 spell: Ensorcelled Hibernation
   616 | D:1      | Reached XP level 3. HP: 16/16 MP: 5/8
   621 | D:1      | Learned a level 3 spell: Confuse
   630 | D:2      | Reached skill level 5 in Stealth
  1261 | D:2      | Reached XP level 4. HP: 18/21 MP: 1/10
  1333 | D:2      | Found a shattered altar of Ashenzari.
  1340 | D:2      | Became a worshipper of Ashenzari the Shackled
  1562 | D:2      | Learned a level 3 spell: Dazzling Spray
  1698 | D:3      | Noticed wvc's ghost (amateur DsMo)
  1816 | D:3      | Reached skill level 1 in Ice Magic
  1854 | D:3      | Noticed Crazy Yiuf
  1860 | D:3      | Killed Crazy Yiuf
  1860 | D:3      | Reached skill level 6 in Stealth
  2167 | D:3      | Killed wvc's ghost
  2167 | D:3      | Reached XP level 5. HP: 24/24 MP: 5/12
  2401 | D:4      | Found a staircase to the Ecumenical Temple.
  2406 | Temple   | Entered the Ecumenical Temple
  2546 | D:4      | Noticed an ogre
  2563 | D:5      | Entered Level 5 of the Dungeon
  2569 | D:4      | Reached * piety under Ashenzari
  2713 | D:4      | Reached skill level 7 in Stealth
  2716 | D:4      | Reached XP level 6. HP: 28/28 MP: 13/13
  2757 | D:5      | Found an iron altar of Okawaru.
  2849 | D:6      | Reached skill level 5 in Hexes
  2880 | D:6      | Found a glowing drain.
  2895 | D:6      | HP: 1/29 [river rat (5)]
  2926 | Sewer    | Entered a sewer
  3300 | Sewer    | Noticed Purgy
  3306 | Sewer    | Killed Purgy
  3306 | Sewer    | Reached skill level 8 in Stealth
  3604 | D:5      | Reached XP level 7. HP: 32/32 MP: 4/15
  4027 | D:5      | Reached ** piety under Ashenzari
  4409 | D:4      | Reached skill level 5 in Spellcasting
  4511 | D:4      | Reached skill level 9 in Stealth
  4742 | D:6      | Noticed Eustachio
  4748 | D:6      | Noticed Blork the orc
  4798 | D:6      | Noticed Grinder
  5015 | D:6      | Reached skill level 1 in Fighting
  5015 | D:6      | Reached skill level 5 in Dodging
  5018 | D:6      | Killed Blork the orc
  5018 | D:6      | Reached XP level 8. HP: 37/37 MP: 9/17
  5036 | D:6      | Reached skill level 10 in Stealth
  5071 | D:6      | Found Vukkiasm's Gadget Shoppe.
  5173 | D:6      | Noticed Pikel
  5267 | D:6      | Reached skill level 11 in Stealth
  5269 | D:6      | Killed Eustachio
  5305 | D:7      | Found a stormy altar of Qazlal.
  5330 | D:6      | Killed Grinder
  5336 | D:6      | Reached XP level 9. HP: 36/41 MP: 12/20
  5519 | D:6      | Reached skill level 12 in Stealth
  5601 | D:7      | Found an ancient bone altar of Kikubaaqudgha.
  5671 | D:7      | Found a basalt altar of Yredelemnul.
  5676 | D:7      | Found a glowing golden altar of the Shining One.
  5678 | D:7      | Noticed an angel
  6302 | D:7      | Found a bloodstained altar of Trog.
  6303 | D:7      | Found an oddly glowing altar of Pakellas.
  6425 | D:8      | Found a flagged portal.
  6431 | Bailey   | Entered a bailey
  6710 | Bailey   | Reached skill level 13 in Stealth
  6777 | Bailey   | Slain by a gnoll

Vault maps used:
D:1:      co_arrival_random_square_maze
D:2:      ashenzari_altar_1, guppyfry_early_orc_mine
D:3:      first_bread, uniq_crazy_yiuf_cottage
D:4:      minmay_temple_entry_nine_rooms
D:5:      okawaru_gym_becter
D:6:      serial_shops, kennysheep_mini_moat, portal_sewer_entry_c,
          sword_in_stone, uniq_grinder, uniq_pikel
D:7:      grunt_temple_overflow_holy_war, nicolae_qazlal_eye_of_the_storm,
          lemuel_round_altar, nicolae_overflow_hidden_temple, the_bakery
D:8:      lemuel_round_altar, enter_bailey_2, kennysheep_island_fort,
          uniq_maurice
Temple:   nicolae_temple_hex_pool
Sewer:    sewer_co_purgy_island
Bailey:   bailey_axe_2, bailey

Skill      XL: |  1  2  3  4  5  6  7  8  9 |
---------------+----------------------------+-----
Spellcasting   | 3 4 5 6 7 |  7.5
Hexes          | 4 5 6 7 |  7.7
Stealth        | 5 6 7 8 9 11 13 | 13.0
Ice Magic      | 1 2 3 |  3.0
Dodging        | 5 6 |  6.5
Short Blades   | 2 |  2.7
Fighting       | 1 |  1.2

Action                   |  1- 3 |  4- 6 |  7- 9 || total
-------------------------+-------+-------+-------++-------
Melee: Dagger            |    98 |    95 |   213 ||   406
 Cast: Corona            |     9 |       |     1 ||    10
       Ensorcelled Hiber |    22 |    22 |    50 ||    94
       Confuse           |     1 |    10 |    26 ||    37
       Dazzling Spray    |       |     1 |     7 ||     8
Invok: Curse Item        |       |     1 |     2 ||     3
  Use: Scroll            |       |     7 |       ||     7
       Potion            |       |     1 |       ||     1
 Stab: Sleeping          |    23 |    33 |    49 ||   105
       Confused          |       |     3 |    18 ||    21
       Distracted        |       |     1 |     2 ||     3
       Invisible         |       |       |     1 ||     1
  Eat: Bread ration      |       |     1 |       ||     1
Armor: Robe              |     7 |     8 |    17 ||    32
Dodge: Dodged            |    80 |    56 |   148 ||   284
